AoeStats
← Jose Pedro Castillo Terrones

Arabia

503263412Analyzed
4v4 RM · 1mo ago on Aug 30, 2026· 39m 1s· 8 players
Game mode
Random Map
Map size
Large (8 player)
Population
200
Speed
Normal
Resources
Standard
Victory
Conquest
Starting age
Dark Age
Ending age
Imperial Age
RankedLock teamsTeams togetherTeam positionsShared explorationLock speedFull tech treeHidden civsTurbo modeCheats
Victory
Defeat
🇧🇷 Sicilians · Brazil
1261
+15
🇦🇷 Magyars · Argentina
1254
+15
🇮🇹 Ethiopians · Italy
1251
+16
🇺🇸 Slavs · United States
1239
+16
🇧🇷 Mongols · Brazil
1268
-17
🇵🇪 Persians · Peru
1242
-16
🇲🇽 Magyars · Mexico
1236
-15
1229
-15
Janez
7:40 Loom
10:39 Feudal Age
11:30 Double-Bit Axe
16:40 Fletching
20:45 Town Watch
21:38 Padded Archer Armor
23:43 Castle Age
22:41 Gold Mining
23:48 Crossbowman
24:35 Thumb Ring
24:32 Bodkin Arrow
28:26 Horse Collar
29:48 Wheelbarrow
31:48 Stone Mining
33:22 Hand Cart
33:30 Leather Archer Armor
33:43 Bow Saw
34:44 Gold Shaft Mining
35:37 Ballistics
38:00 Stone Shaft Mining
37:29 Town Patrol
42:10 Imperial Age
Max Rebo
5:52 Loom
9:18 Feudal Age
9:55 Double-Bit Axe
18:22 Gold Mining
19:33 Wheelbarrow
21:51 Castle Age
21:06 Bloodlines
21:41 Scale Barding Armor
22:57 Husbandry
23:34 Forging
23:48 Light Cavalry
29:21 Chain Barding Armor
31:54 Horse Collar
33:44 Iron Casting
34:17 Bow Saw
36:06 Heavy Plow
38:38 Wheelbarrow
Pino
9:47 Feudal Age
10:25 Loom
17:06 Fletching
23:07 Scale Mail Armor
29:44 Castle Age
28:18 Arson
29:33 Forging
29:42 Double-Bit Axe
29:40 Horse Collar
29:48 Pikeman
34:31 Iron Casting
34:11 Chain Mail Armor
35:23 Gambesons
35:38 Squires
35:57 Gold Mining
35:57 Stone Mining
39:04 Bodkin Arrow
Hattori Hanzo
6:36 Loom
9:58 Feudal Age
10:30 Double-Bit Axe
11:07 Horse Collar
24:51 Castle Age
23:16 Bloodlines
23:42 Scale Barding Armor
25:16 Light Cavalry
31:27 Chain Barding Armor
33:50 Wheelbarrow
37:14 Bow Saw
The Kraken
5:51 Loom
9:11 Feudal Age
9:46 Double-Bit Axe
13:16 Town Watch
20:55 Castle Age
18:55 Horse Collar
19:19 Gold Mining
20:09 Bloodlines
20:27 Scale Barding Armor
22:35 Chain Barding Armor
28:49 Wheelbarrow
32:58 Gold Shaft Mining
33:25 Heavy Plow
38:22 Imperial Age
36:45 Bow Saw
37:24 Husbandry
Jose Pedro Castillo Terrones
9:27 Loom
11:42 Feudal Age
20:24 Wheelbarrow
23:49 Castle Age
27:22 Pikeman
32:27 Fletching
32:52 Forging
32:40 Fletching
38:09 Forging
SirT_Maji
8:48 Feudal Age
9:21 Double-Bit Axe
18:50 Fletching
24:29 Castle Age
24:12 Padded Archer Armor
24:42 Elite Skirmisher
28:08 Ballistics
28:05 Leather Archer Armor
27:55 Bodkin Arrow
33:40 Forging
34:52 Scale Barding Armor
37:27 Horse Collar
38:25 Wheelbarrow
CP7
9:13 Loom
11:18 Feudal Age
15:57 Castle Age
25:48 Double-Bit Axe
26:58 Fletching
34:25 Scale Barding Armor
35:22 Bloodlines
Connection lost

Rejoining the realm…

Still unreachable

The connection could not be restored.

Session expired

The server has moved on; the page needs a fresh start.